 Dungeon Crawl Stone Soup version 0.20.1-1-g8b1a95d (webtiles) character file.

793 joejoepie the Covert (level 7, -7/46 HPs)
             Began as a Vampire Assassin on June 3, 2017.
             Was an Initiate of Hepliaklqana.
             Mangled by an ogre
             ... wielding a +0 giant spiked club
              (19 damage)
             ... on level 5 of the Dungeon on Oct 25, 2017.
             The game lasted 00:33:41 (5491 turns).

joejoepie the Covert (Vampire Assassin)             Turns: 5491, Time: 00:33:42

Health: -7/46      AC:  0    Str: 12    XL:     7   Next: 57%
Magic:  5/7        EV: 22    Int: 12    God:    Hepliaklqana [......]
Gold:   191        SH:  0    Dex: 20    Spells: 4/6 levels left

rFire    . . .     SeeInvis +   (weapon currently unavailable)
rCold    . . .     Gourm    .   (shield currently unavailable)
rNeg     + . .     Faith    .   (armour currently unavailable)
rPois    .         Spirit   .   (helmet currently unavailable)
rElec    .         Reflect  .   (cloak currently unavailable)
rCorr    .         Harm     .   (gloves currently unavailable)
MR       .....                  (boots currently unavailable)
Stlth    ++++++....             (no amulet)
Regen    0.2/turn               (ring currently unavailable)
MPRegen  0.1/turn               (ring currently unavailable)

@: bat-form, flying, very quick
A: reduced essence, fangs 3, see invisible, dopey 1, evolution 1
a: End Transformation, Recall Ancestor, Ancestor Identity, Renounce Religion


You were on level 5 of the Dungeon.
You worshipped Hepliaklqana.
Hepliaklqana was noncommittal.
You were not thirsty.
You were in vampire-bat-form.
You visited 1 branch of the dungeon, and saw 5 of its levels.

You collected 191 gold pieces.

Inventory:

Hand Weapons
 a - a +2 dagger (melded)
 b - a +1 blowgun
Missiles
 e - 33 poisoned needles
 f - 2 curare-tipped needles
 j - a needle of sleeping
 t - 35 stones (quivered)
 u - 21 sling bullets
Armour
 c - a +0 robe
 d - a +0 cloak (melded)
 h - a +0 robe
 i - a +0 ring mail
 o - a +0 leather armour (melded)
Jewellery
 k - a ring of stealth (melded)
 p - an uncursed ring of resist corrosion {unknown}
Scrolls
 l - 2 scrolls of remove curse
Potions
 g - 6 potions of blood
 m - 6 potions of curing
 n - 3 potions of lignification
 r - a potion of agility
 v - 2 potions of cancellation
Books
 q - a book of Necromancy

   Spells                             Type                      Level
   a - Pain                           Necromancy                   1
   b - Animate Skeleton               Necromancy                   1
   c - Vampiric Draining              Necromancy                   3
   d - Regeneration                   Charms/Necromancy            3
   e - Animate Dead                   Necromancy                   4
   f - Control Undead                 Necromancy                   4
 s - a book of Changes

   Spells                             Type                      Level
   a - Beastly Appendage              Transmutation                1
   b - Sticks to Snakes               Transmutation                2
   c - Spider Form                    Transmutation/Poison         3
   d - Ice Form                       Ice/Transmutation            4
   e - Blade Hands                    Transmutation                5


   Skills:
 + Level 3.2 Fighting
 + Level 3.5 Short Blades
 + Level 3.8 Throwing
 + Level 2.3 Armour
 * Level 3.6 Dodging
 + Level 8.4 Stealth
 + Level 0.4 Necromancy


You had 4 spell levels left.
You knew the following spells:

 Your Spells              Type           Power        Failure   Level  Hunger
a - Pain                  Necr           #...         28%         1    ##.....
b - Animate Skeleton      Necr           N/A          28%         1    ##.....


Dungeon Overview and Level Annotations

Branches:
Dungeon (5/15)             Temple (0/1) D:5

Altars:
Hepliaklqana
Makhleb
Ru
Trog
Zin
The Shining One

Annotations:
D:4 Dowan, Duvessa


Innate Abilities, Weirdness & Mutations

You have razor-sharp teeth.
You have supernaturally acute eyesight. (SInv)
((You can survive without breathing.))
Your life essence is reduced to manifest your ancestor. (-10% HP)
((You have a pair of small antennae on your head.))
((Armour fits poorly on your strangely shaped body.))
You are dopey. (Int -2)
You evolve.


Message History

You shoot a needle of sleeping. The needle of sleeping hits the ogre!
Yamquzzuhalamma hits the ogre!
The ogre shouts!
The ogre hits you with a giant spiked club!!
Ouch! That really hurt!
* * * LOW HITPOINT WARNING * * *
You see here 28 bolts.
a - a +2 dagger (weapon)
Yamquzzuhalamma barely misses the ogre.
Yamquzzuhalamma hits the ogre.
Things that are here:
a dagger of freezing; a robe Yamquzzuhalamma hits the ogre.
Items here: $ ))) ? [[ †† You turn into a vampire bat.
Your +2 dagger melds into your body.
Your +0 cloak melds into your body.
Your +0 leather armour melds into your body.
Your ring of stealth melds into your body.
The ogre hits you with a giant spiked club!!
You die...

##.###.#
#.###....(.(......
.......# #.#
###..(.# ##.#####
#.######....# ##.#
#.#...).)...# ##.#
#.#.#######.# ##.#
#.#.# ... #.#
#.#R# .#.. #.#
#.#O# .#.... #.#
#)#b# .# ... #.#
#.#.######. #. #.#
#R#........ #.#
#....###### #.#
####'#### #.#
#.......#
#.########.......#
#........'...>...#
########.#.......#


You could see the friendly Yamquzzuhalamma the ancestor and an ogre.

Vanquished Creatures
  Grinder (D:5)
  An ice beast (D:5)
  2 crimson imps (D:5)
  A hound (D:3)
  A jelly (D:5)
  4 orc wizards
  2 worker ants
  4 adders
  3 gnolls (D:4)
  An ooze (D:2)
  A worm (D:2)
  A dart slug (D:2)
  A leopard gecko (D:3)
  5 orcs
  6 bats
  3 giant cockroaches
  14 goblins
  9 hobgoblins
  8 jackals
  2 frilled lizards
  A giant cockroach zombie (D:5)
  6 kobolds
  A leopard gecko skeleton (D:5)
  A quokka skeleton (D:4)
  2 quokka zombies (D:5)
  7 rats
88 creatures vanquished.

Vanquished Creatures (collateral kills)
  A hound (D:5)
  3 gnolls (D:5)
  3 orcs (D:5)
7 creatures vanquished.

Grand Total: 95 creatures vanquished

Notes
Turn   | Place    | Note
-------+----------+-------------------------------------------
     0 | D:1      | joejoepie the Vampire Assassin began the quest for the Orb.
     0 | D:1      | Reached XP level 1. HP: 16/16 MP: 1/1
   154 | D:1      | Reached skill level 6 in Stealth
   205 | D:1      | Reached XP level 2. HP: 19/22 MP: 2/2
   514 | D:2      | Reached XP level 3. HP: 25/27 MP: 3/3
   585 | D:2      | Found a bloodstained altar of Trog.
   681 | D:2      | Reached skill level 7 in Stealth
   790 | D:2      | Found a glowing silver altar of Zin.
  1086 | D:2      | Found a sacrificial altar of Ru.
  1148 | D:2      | Reached XP level 4. HP: 33/33 MP: 4/4
  1719 | D:3      | Learned a level 1 spell: Pain
  1721 | D:3      | Learned a level 1 spell: Animate Skeleton
  1739 | D:3      | Found a bloodstained altar of Trog.
  1825 | D:3      | Found a burning altar of Makhleb.
  1828 | D:3      | Reached skill level 1 in Armour
  1966 | D:3      | Reached XP level 5. HP: 31/38 MP: 2/5
  2910 | D:3      | Gained mutation: Armour fits poorly on your strangely shaped body. [potion of mutation]
  2910 | D:3      | Gained mutation: You are dopey. (Int -2) [potion of mutation]
  2910 | D:3      | Gained mutation: You evolve. [potion of mutation]
  3257 | D:4      | Found a bloodstained altar of Trog.
  3524 | D:4      | Noticed a phantom
  3818 | D:4      | Found a glowing golden altar of the Shining One.
  3844 | D:4      | Reached XP level 6. HP: 46/46 MP: 6/6
  3983 | D:4      | Noticed Duvessa
  3983 | D:4      | Noticed Dowan
  4072 | D:5      | Entered Level 5 of the Dungeon
  4235 | D:5      | Upgraded the game from 0.20.0-10-g0535bb4 to 0.20.1-1-g8b1a95d
  4511 | D:5      | Noticed Grinder
  4534 | D:5      | Killed Grinder
  4699 | D:5      | Reached XP level 7. HP: 32/51 MP: 7/7
  4932 | D:5      | Found a hazy altar of Hepliaklqana.
  4966 | D:5      | Gained mutation: You have a pair of small antennae on your head. [evolution]
  5008 | D:5      | Reached skill level 8 in Stealth
  5067 | D:5      | Became a worshipper of Hepliaklqana the Forgotten
  5289 | D:5      | Found a staircase to the Ecumenical Temple.
  5491 | D:5      | Mangled by an ogre

Skill      XL: |  1  2  3  4  5  6  7 |
---------------+----------------------+-----
Stealth        | 6 7 8 |  8.4
Fighting       | 2 3 |  3.2
Throwing       | 2 3 |  3.8
Armour         | 1 2 |  2.3
Short Blades   | 3 |  3.5
Dodging        | 2 3 |  3.6
Necromancy     | |  0.4

Action                   |  1- 3 |  4- 6 |  7- 9 || total
-------------------------+-------+-------+-------++-------
Melee: Dagger            |   107 |   190 |    53 ||   350
       Bite              |     6 |    20 |    10 ||    36
 Fire: Blowgun           |    17 |    57 |     9 ||    83
 Cast: Pain              |       |     1 |       ||     1
 Abil: Bat Form          |       |     2 |     1 ||     3
       End Transformatio |       |     2 |       ||     2
  Use: Potion            |     4 |    16 |     3 ||    23
       Scroll            |     6 |     4 |       ||    10
 Stab: Sleeping          |     9 |     8 |     5 ||    22
Armor: Ring mail         |    30 |       |       ||    30
       Leather armour    |     7 |    18 |     1 ||    26
Dodge: Dodged            |    44 |   104 |    36 ||   184
